 Dungeon Crawl Stone Soup version 0.17-a0-1831-gaadb308 (webtiles) character file.

44302 4thArraOfDagon the Grappler (level 13, -14/131 HPs)
             Began as a Troll Chaos Knight on Sept 14, 2015.
             Was a High Priest of Okawaru.
             Shot with an arrow by a deep elf master archer (39 damage)
             ... on level 3 of the Elven Halls.
             The game lasted 00:50:24 (9438 turns).

4thArraOfDagon the Grappler (Troll Chaos Knight)    Turns: 9438, Time: 00:50:24

Health: -14/131    AC:  9    Str: 27      XL:     13   Next: 95%
Magic:  22/26      EV: 16    Int: 14 (15) God:    Okawaru [*****.]
Gold:   577        SH:  0    Dex:  7      Spells: 2 memorised, 11 levels left

rFire  + + .     SeeInvis .       - Unarmed
rCold  . . .     Clarity  +     I - +1 robe "Honiac" {rPois}
rNeg   . . .     SustAt   .     (no shield)
rPois  +         Gourm    +     (helmet restricted)
rElec  +         Spirit   .     k - +2 cloak {MR+}
rCorr  .         Warding  .     (gloves unavailable)
rMut   .         Stasis   .     (boots unavailable)
MR     +++..                    M - amulet "Fewna" {Clar +Inv +Fly Str+4}
Stlth  ++........               S - ring "Jedaur" {rElec rF++ MP+9 EV+3 Dex-4}
                                a - ring of the Mage {Wiz MR++ Int+3}

@: heroism, very slightly contaminated, invisible, extremely resistant to
hostile enchantments, unstealthy
A: unfitting armour, antennae 1, claws 3, hooves 1, agile 1, deterioration 1,
fast metabolism 3, gourmand, regeneration 2, shaggy fur 1, spit poison 1, tough
skin 2
a: Spit Poison, Heroism, Finesse, Renounce Religion, Evoke Flight


You were on level 3 of the Elven Halls.
You worshipped Okawaru.
Okawaru was extremely pleased with you.
You were not hungry.

You visited 4 branches of the dungeon, and saw 23 of its levels.
You also visited: Bailey.

You collected 2111 gold pieces.
You spent 1534 gold pieces at shops.

Inventory:

Hand weapons
 B - a +0 giant spiked club
 C - a +0 giant spiked club
 G - a +0 blowgun
 Q - the +8 morningstar of Division {holy, rPois rC+ MR- SInv}
   (You found it on level 2 of the Elven Halls)

   It has been blessed by the Shining One to cause great damage to the undead
   and demons.
   It protects you from cold.
   It protects you from poison.
   It affects your resistance to hostile enchantments.
   It lets you see invisible.
 R - the +5 war axe of Bread {freeze, rC+ Str+4}
   (You found it on level 2 of the Elven Halls)

   It has been specially enchanted to freeze those struck by it, causing extra
   injury to most foes and up to half again as much damage against particularly
   susceptible opponents.
   It can also slow down cold-blooded creatures.
   It affects your strength (+4).
   It protects you from cold.
Missiles
 v - 9 large rocks (quivered)
Armour
 k - a +2 cloak of magic resistance (worn)
 q - a +2 robe of magic resistance
 I - the +1 robe "Honiac" (worn) {rPois}
   (Okawaru gifted it to you on level 4 of the Orcish Mines)

   It protects you from poison.
Jewellery
 a - the ring of the Mage (left claw) {Wiz MR++ Int+3}
   (You bought it in a shop on level 6 of the Dungeon)

   [ring of wizardry]

   It improves your spell success rate.
   It affects your intelligence (+3).
   It affects your resistance to hostile enchantments.
 g - an uncursed ring of invisibility
 h - an uncursed amulet of rage
 s - an uncursed amulet of resist mutation
 u - an uncursed ring of protection from cold
 L - a +6 ring of dexterity
 M - the amulet "Fewna" (around neck) {Clar +Inv +Fly Str+4}
   (You bought it in a shop on level 4 of the Orcish Mines)

   [amulet of clarity]

   It provides mental clarity.
   It affects your strength (+4).
   It lets you turn invisible.
   It lets you fly.
 S - the ring "Jedaur" (right claw) {rElec rF++ MP+9 EV+3 Dex-4}
   (You took it off a deep elf demonologist on level 3 of the Elven Halls)

   [ring of evasion]

   It affects your evasion (+3).
   It affects your dexterity (-4).
   It greatly protects you from fire.
   It insulates you from electricity.
   It affects your magic capacity (+9).
Magical devices
 d - a wand of draining (2)
 i - a wand of frost (30)
 j - a wand of paralysis (9)
 t - a wand of random effects (0)
 y - a wand of magic darts (28)
 z - a wand of teleportation (6)
 D - a wand of lightning (10)
 K - a wand of flame (32)
 N - a wand of hasting (3)
 P - a wand of fireball (6)
Scrolls
 e - a scroll of random uselessness
 f - 2 scrolls of teleportation
 m - 2 scrolls of immolation
 o - 2 scrolls of enchant weapon
 p - 2 scrolls of remove curse
 r - a scroll of brand weapon
 H - 2 scrolls of enchant armour
Potions
 l - 3 potions of flight
 n - a potion of invisibility
 E - 5 potions of heal wounds
 J - 2 potions of berserk rage
 O - a potion of resistance
Books
 A - a book of Geomancy

   Spells                             Type                      Level
   a - Sandblast                      Earth                        1
   b - Stoneskin                      Transmutation/Earth          2
   c - Passwall                       Transmutation/Earth          3
   d - Stone Arrow                    Conjuration/Earth            3
   e - Petrify                        Transmutation/Earth          4
   f - Lee's Rapid Deconstruction     Earth                        5
Miscellaneous
 F - a stone of tremors
Comestibles
 b - 7 bread rations
 c - 18 royal jellies
 w - a slice of pizza
 x - 2 meat rations


   Skills:
 + Level 9.2(14.2) Fighting
 * Level 0.0(5.0) Armour
 - Level 9.1(14.1) Dodging
 * Level 14.3(19.3) Unarmed Combat
 - Level 3.4 Spellcasting
 - Level 0.2 Transmutations
 - Level 7.5 Earth Magic
 - Level 5.2 Invocations
 - Level 5.1 Evocations


You had 11 spell levels left.
You knew the following spells:

 Your Spells              Type           Power        Failure   Level  Hunger
a - Stoneskin             Trmt/Erth      ##......     4%          2    ##.....
b - Lee's Rapid Deconstr  Erth           ###.......   12%         5    ######.


Dungeon Overview and Level Annotations

Branches:
Dungeon (15/15)              Lair (1/8) D:8             Orc (4/4) D:10
    Elf (3/3) Orc:3
 Temple: D:4-7       Vaults: D:13-14     Depths: D:15

Altars:
Ashenzari
Makhleb
Nemelex Xobeh
Okawaru
Qazlal
Xom
Yredelemnul
Zin
The Shining One
Beogh

Shops:
D:6 =*   D:11 (   D:12 (   D:14 *   Orc:2 ![?[   Orc:4 ([%*

Annotations:
Elf:2 3 runed doors


Innate Abilities, Weirdness & Mutations

You are too large for most types of armour.
You have claws for hands.
Your metabolism is lightning-fast.
You like to eat raw meat.
You heal very quickly.
You are covered in fur (AC +1).
You have very tough skin (AC +2).
You have a pair of small antennae on your head.
You have large cloven feet.
You are agile. (Dex +2)
Your body sometimes deteriorates upon taking damage.
You can spit weak poison.


Message History

You feel much better.
The deep elf master archer shoots an arrow.
The arrow hits you!!
* * * LOW HITPOINT WARNING * * *
Unknown command.
Drink which item? (? for menu, Esc to quit)
You feel much better.
The deep elf master archer shoots an arrow.
The arrow hits you!!
* * * LOW HITPOINT WARNING * * *
The deep elf master archer shoots an arrow.
The arrow hits you!!
* * * LOW HITPOINT WARNING * * *
Drink which item? (? for menu, Esc to quit)
You feel much better.
The deep elf master archer shoots an arrow.
The arrow closely misses you.
The deep elf master archer shoots an arrow.
The arrow hits you!!!
You die...

... #.# #(#
#.# #.# #.#
##.#
##.e#####
#.#(@...##
######)).##
##..8..## #
##)......## #
#..8...8..# #
##.......##
##..8..'##
##'...##.##
##
##.##.####.##


You could see a deep elf master archer.

Vanquished Creatures
  2 deep elf sorcerers (Elf:3)
  An orc warlord (Orc:4)
  2 deep elf demonologists (Elf:3)
  2 deep elf annihilators (Elf:3)
  A deep elf high priest (Elf:3)
  A hydra (D:15)
  A centaur warrior (D:14)
  2 dancing weapons (Elf:2)
  An orc high priest (Orc:4)
  The ghost of 4thArraOfDagon the Grappler, an experienced TrCK of Cheibriados (Bailey)
  4 deep elf knights
  Nergalle (Orc:1)
  A deep elf summoner (Elf:2)
  4 hill giants
  2 orc knights (Orc:4)
  2 deep elf conjurers
  An orc sorcerer (Orc:4)
  8 ugly things
  A cyclops (D:11)
  Joseph (D:8)
  3 gargoyles
  An efreet (D:13)
  A komodo dragon (D:15)
  A queen bee (D:12)
  Grinder (D:6)
  Prince Ribbit (D:9)
  A two-headed ogre (D:15)
  6 slime creatures (D:15)
  4 trolls
  A shadow (D:15)
  2 hippogriffs
  A tarantella (shapeshifter) (Elf:3)
  8 yaks
  7 deep elf magi
  A hungry ghost (D:7)
  A centaur simulacrum (D:14)
  A wyvern (D:12)
  3 deep elf fighters
  7 vampire mosquitoes
  A water moccasin (D:12)
  A phantom (D:9)
  39 orc warriors
  6 centaurs
  4 sky beasts
  A necrophage (D:10)
  A wasp (D:13)
  4 ice beasts
  12 ogres
  4 giant frogs
  Blork the orc (D:5)
  3 big kobolds
  A wyvern zombie (D:14)
  A wyvern skeleton (D:11)
  3 scorpions
  51 killer bees
  10 wights
  A quasit (D:7)
  24 orc priests
  7 crimson imps
  2 centaur zombies
  2 giant frog zombies
  18 orc wizards
  3 centaur skeletons
  3 jellies
  4 hounds
  2 iguanas
  A giant frog skeleton (D:13)
  5 worker ants
  A hound skeleton (D:10)
  15 gnolls
  4 river rats (D:8)
  3 adders
  2 oozes
  An adder zombie (D:8)
  A worm (D:2)
  An adder skeleton (D:8)
  194 orcs
  A giant cockroach (D:1)
  5 goblins
  5 hobgoblins
  4 jackals (D:10)
  27 kobolds
  7 quokkas
  A ball python skeleton (D:4)
  9 bats
  A giant newt (D:4)
  A jackal skeleton (D:4)
  A quokka skeleton (D:8)
  13 rats
602 creatures vanquished.

Vanquished Creatures (others)
  9 fungi (D:8)
  2 plants (D:8)
11 creatures vanquished.

Grand Total: 613 creatures vanquished

Notes
Turn   | Place    | Note
--------------------------------------------------------------
     0 | D:1      | 4thArraOfDagon the Troll Chaos Knight began the quest for the Orb.
     0 | D:1      | Reached XP level 1. HP: 22/22 MP: 0/0
     2 | D:1      | XOM: divination: detect items
    33 | D:1      | Reached XP level 2. HP: 29/29 MP: 1/1
   175 | D:2      | Reached XP level 3. HP: 27/36 MP: 1/2
   258 | D:4      | Reached skill level 4 in Unarmed Combat
   290 | D:4      | Reached XP level 4. HP: 34/44 MP: 3/3
   314 | D:4      | Found a shimmering altar of Xom.
   366 | D:5      | Entered Level 5 of the Dungeon
   375 | D:5      | XOM: potion effect (haste)
   386 | D:5      | Reached XP level 5. HP: 38/53 MP: 4/4
   421 | D:5      | XOM: mild Air miscast
   468 | D:5      | XOM: divination: magic mapping
   500 | D:5      | Noticed an ogre
   504 | D:5      | XOM: harmless Conj miscast
   505 | D:5      | Killed an ogre
   505 | D:5      | Reached skill level 5 in Unarmed Combat
   520 | D:5      | Noticed Blork the orc
   538 | D:5      | Killed Blork the orc
   538 | D:5      | Reached XP level 6. HP: 52/61 MP: 5/5
   614 | D:5      | You fall through a shaft!
   692 | D:6      | Found Saall's Assorted Antiques.
   692 | D:6      | Found an iron altar of Okawaru.
   696 | D:6      | Bought a scroll labeled MAFUTZIBRU for 27 gold pieces
   696 | D:6      | Found a stormy altar of Qazlal.
   725 | D:6      | Fell from the grace of Xom
   725 | D:6      | Became a worshipper of Warmaster Okawaru
   740 | D:6      | Found Vaenacrom's Jewellery Emporium.
   776 | D:6      | Noticed Grinder
   788 | D:6      | Paralysed by Grinder for 5 turns
   802 | D:6      | HP: 3/62 [Grinder (7)]
   803 | D:6      | Killed Grinder
   803 | D:6      | Reached skill level 6 in Unarmed Combat
   803 | D:6      | Reached skill level 1 in Invocations
   803 | D:6      | Reached XP level 7. HP: 2/68 MP: 6/6
   876 | D:6      | XOM: give mutation
   876 | D:6      | Gained mutation: You have large cloven feet. [Xom's mischief]
  1027 | D:6      | Gained mutation: Your mind is acute. (Int +2) [mutagenic meat]
  1049 | D:6      | Found a sparkling altar of Nemelex Xobeh.
  1059 | D:6      | Acquired Okawaru's first power
  1145 | D:6      | Reached skill level 7 in Unarmed Combat
  1145 | D:6      | Reached XP level 8. HP: 53/79 MP: 8/8
  1237 | D:7      | Found a basalt altar of Yredelemnul.
  1249 | D:7      | Noticed a profane servitor
  1254 | D:7      | Found a glowing golden altar of the Shining One.
  1267 | D:7      | Noticed an angel
  1352 | D:7      | Noticed a hungry ghost
  1358 | D:7      | Killed a hungry ghost
  1483 | D:7      | Reached skill level 8 in Unarmed Combat
  1520 | D:7      | XOM: medium Pois miscast
  1570 | D:8      | Noticed a two-headed ogre
  1673 | D:8      | Found a shattered altar of Ashenzari.
  1673 | D:8      | Noticed Joseph
  1689 | D:8      | Killed Joseph
  1689 | D:8      | Reached skill level 5 in Fighting
  1689 | D:8      | Reached skill level 5 in Dodging
  1689 | D:8      | Reached XP level 9. HP: 53/88 MP: 10/10
  1737 | D:8      | Noticed a yak
  1739 | D:8      | Noticed a yak
  1739 | D:8      | Noticed a yak
  1740 | D:8      | Noticed a yak
  1743 | D:8      | Noticed a yak
  1754 | D:8      | Killed a yak
  1763 | D:8      | Killed a yak
  1772 | D:8      | Killed a yak
  1789 | D:8      | Killed a yak
  1789 | D:8      | Reached skill level 9 in Unarmed Combat
  1796 | D:8      | Killed a yak
  1807 | D:8      | XOM: medium Divn miscast
  1916 | D:8      | Found a staircase to the Lair.
  1916 | D:8      | Noticed a deep elf fighter
  1924 | D:8      | Killed a deep elf fighter
  1928 | Lair:1   | Entered Level 1 of the Lair of Beasts
  2036 | D:9      | Reached skill level 5 in Invocations
  2053 | D:9      | Reached XP level 10. HP: 51/98 MP: 12/12
  2090 | D:9      | Found a burning altar of Makhleb.
  2168 | D:9      | Reached skill level 10 in Unarmed Combat
  2232 | D:9      | Noticed Prince Ribbit
  2252 | D:9      | Killed Prince Ribbit
  2265 | D:10     | Entered Level 10 of the Dungeon
  2328 | D:9      | XOM: harmless Ice miscast
  2493 | D:10     | Gained mutation: Your magical capacity is low (-10% MP). [potion of mutation]
  2493 | D:10     | Gained mutation: You expend magic power (3 MP) to strengthen your wands. [potion of mutation]
  2493 | D:10     | Gained mutation: You have a pair of small antennae on your head. [potion of mutation]
  2599 | D:10     | HP: 4/100 [killer bee (10)]
  2605 | D:10     | HP: 7/150 [poisoned by a killer bee]
  2612 | D:10     | HP: 6/150 [ogre/giant club (3)]
  2619 | D:10     | Noticed a hill giant
  2626 | D:10     | Killed a hill giant
  2626 | D:10     | Reached skill level 11 in Unarmed Combat
  2917 | D:11     | Noticed a white ugly thing
  2937 | D:11     | Killed a white ugly thing
  2974 | D:11     | Found a flagged portal.
  2984 | Bailey   | Entered a bailey
  2999 | Bailey   | Noticed 4thArraOfDagon's ghost (experienced TrCK)
  3025 | Bailey   | Killed 4thArraOfDagon's ghost
  3025 | Bailey   | Reached XP level 11. HP: 25/109 MP: 12/12
  3467 | D:11     | XOM: noise
  3569 | D:12     | Reached skill level 12 in Unarmed Combat
  3772 | D:12     | Noticed a hill giant
  3778 | D:12     | Killed a hill giant
  3878 | D:11     | Found Balies Loxti's Weapon Shoppe.
  3938 | D:11     | Noticed a cyclops
  3948 | D:11     | Killed a cyclops
  3948 | D:11     | Acquired Okawaru's second power
  3999 | D:12     | Found Iriteple's Weapon Emporium.
  4131 | D:13     | Learned a level 2 spell: Stoneskin
  4149 | D:13     | Reached skill level 1 in Evocations
  4187 | D:13     | XOM: mild Ice miscast
  4384 | D:14     | Noticed a hill giant
  4394 | D:14     | Killed a hill giant
  4451 | D:14     | Found Xiam's General Store.
  4459 | D:14     | Bought a potion of heal wounds for 80 gold pieces
  4459 | D:14     | Bought 2 potions of heal wounds for 160 gold pieces
  4500 | D:14     | Reached skill level 13 in Unarmed Combat
  4579 | D:14     | XOM: mild Fire miscast
  4584 | D:14     | Received a gift from Okawaru
  4595 | D:14     | Reached XP level 12. HP: 98/119 MP: 6/13
  4643 | D:14     | Gained mutation: You regenerate. [mutagenic meat]
  4646 | D:14     | Gained mutation: You can spit weak poison. [mutagenic meat]
  4647 | D:14     | Lost mutation: You regenerate. [mutagenic meat]
  4649 | D:14     | Gained mutation: You are agile. (Dex +2) [mutagenic meat]
  4740 | D:14     | Noticed a centaur warrior
  4752 | D:14     | Killed a centaur warrior
  4803 | D:15     | Entered Level 15 of the Dungeon
  4846 | D:15     | Found a glowing silver altar of Zin.
  4988 | D:15     | Noticed an eight-headed hydra
  4997 | D:15     | XOM: polymorph eye of draining -> komodo dragon
  5008 | D:15     | Killed a 13-headed hydra
  5428 | D:10     | Found a staircase to the Orcish Mines.
  5479 | D:10     | XOM: 8-stop teleportation journey
  5543 | D:10     | Noticed a hill giant
  5554 | D:10     | Killed a hill giant
  5612 | Orc:1    | Entered Level 1 of the Orcish Mines
  5639 | Orc:1    | Noticed Nergalle
  5648 | Orc:1    | Killed Nergalle
  5648 | Orc:1    | Reached skill level 5 in Evocations
  5714 | Orc:2    | Found a roughly hewn altar of Beogh.
  5812 | Orc:2    | Reached skill level 14 in Unarmed Combat
  5850 | Orc:1    | Found a roughly hewn altar of Beogh.
  5969 | Orc:2    | Found Nitiv's Magic Scroll Boutique.
  6197 | Orc:2    | Found Kiuzeuqe's Antique Armour Boutique.
  6204 | Orc:2    | Bought an embroidered robe for 22 gold pieces
  6366 | D:6      | XOM: medium Erth miscast
  6371 | D:6      | Bought the ring of the Mage {Wiz MR++ Int+3} for 672 gold pieces
  6380 | D:6      | You fall through a shaft!
  6418 | D:9      | XOM: summons 7 hostile demons
  6476 | Orc:1    | XOM: mild Divn miscast
  6505 | Orc:3    | Found a staircase to the Elven Halls.
  6528 | Orc:3    | XOM: mild Tloc miscast
  6602 | Orc:3    | Received a gift from Okawaru
  6822 | Orc:3    | XOM: give mutations
  6822 | Orc:3    | Gained mutation: Your body sometimes deteriorates upon taking damage. [Xom's mischief]
  6822 | Orc:3    | Lost mutation: Your mind is acute. (Int +2) [Xom's mischief]
  6822 | Orc:3    | Lost mutation: Your magical capacity is low (-10% MP). [Xom's mischief]
  6910 | Orc:2    | Found Jowi's Distillery.
  6962 | Orc:2    | Bought a potion of heal wounds for 65 gold pieces
  6962 | Orc:2    | Bought a potion of heal wounds for 65 gold pieces
  6962 | Orc:2    | Bought 2 potions of berserk rage for 130 gold pieces
  6962 | Orc:2    | Bought a potion of heal wounds for 65 gold pieces
  6962 | Orc:2    | Bought a potion of degeneration for 13 gold pieces
  6962 | Orc:2    | Bought 2 potions of brilliance for 104 gold pieces
  7032 | Orc:2    | Found Ekoi's Armour Boutique.
  7033 | Orc:2    | XOM: medium Summ miscast
  7122 | Orc:3    | Learned a level 5 spell: Lee's Rapid Deconstruction
  7130 | Orc:4    | Entered Level 4 of the Orcish Mines
  7251 | Orc:4    | Found a roughly hewn altar of Beogh.
  7268 | Orc:4    | Reached skill level 1 in Earth Magic
  7288 | Orc:4    | Found Noimp's Food Boutique.
  7344 | Orc:4    | Received a gift from Okawaru
  7344 | Orc:4    | Reached XP level 13. HP: 71/128 MP: 13/15
  7345 | Orc:4    | Got a ripped robe {god gift}
  7370 | Orc:4    | Identified the +1 robe "Honiac" {rPois} (Okawaru gifted it to you on level 4 of the Orcish Mines)
  7396 | Orc:4    | XOM: mild Air miscast
  7466 | Orc:4    | Found a roughly hewn altar of Beogh.
  7502 | Orc:4    | Found a roughly hewn altar of Beogh.
  7533 | Orc:4    | Found a roughly hewn altar of Beogh.
  7561 | Orc:4    | Found Fume's Assorted Antiques.
  7564 | Orc:4    | Reached skill level 1 in Spellcasting
  7579 | Orc:4    | Bought a scintillating emerald amulet for 95 gold pieces
  7579 | Orc:4    | Bought a scroll labeled OVULUU COILIF for 19 gold pieces
  7579 | Orc:4    | Bought a smoky inky potion for 17 gold pieces
  7579 | Orc:4    | Identified the amulet "Fewna" {Clar +Inv +Fly Str+4} (You bought it in a shop on level 4 of the Orcish Mines)
  7655 | Orc:4    | Found a roughly hewn altar of Beogh.
  7692 | Orc:4    | Found a roughly hewn altar of Beogh.
  8086 | Orc:4    | Noticed an orc warlord
  8123 | Orc:4    | Killed an orc warlord
  8251 | Orc:4    | Found Plog's Antique Armour Shoppe.
  8251 | Orc:4    | Found a roughly hewn altar of Beogh.
  8254 | Orc:4    | Found Ohiod's Antique Weapon Emporium.
  8357 | Elf:1    | Entered Level 1 of the Elven Halls
  8365 | Elf:2    | XOM: noise
  8377 | Elf:2    | XOM: blink monster(s)
  8404 | Elf:2    | Reached skill level 5 in Earth Magic
  8532 | Elf:2    | Found a runed gate.
  8532 | Elf:2    | Found a runed gate.
  8533 | Elf:2    | Found a runed gate.
  8554 | Elf:1    | XOM: give mutation
  8554 | Elf:1    | Lost mutation: You expend magic power (3 MP) to strengthen your wands. [Xom's mischief]
  8566 | Elf:2    | Got a brightly glowing morningstar
  8573 | Elf:2    | Got a shimmering war axe
  8580 | Elf:2    | Identified the +5 war axe of Bread {freeze, rC+ Str+4} (You found it on level 2 of the Elven Halls)
  8581 | Elf:2    | Identified the +8 morningstar of Division {holy, rPois rC+ MR- SInv} (You found it on level 2 of the Elven Halls)
  8634 | Elf:3    | Entered Level 3 of the Elven Halls
  8804 | Elf:3    | XOM: noise
  8975 | Elf:3    | Noticed a deep elf sorcerer
  8994 | Elf:3    | Killed a deep elf sorcerer
  9029 | Elf:3    | XOM: medium Fire miscast
  9042 | Elf:3    | XOM: 1-stop teleportation journey
  9094 | Elf:3    | Noticed a deep elf annihilator
  9124 | Elf:3    | Killed a deep elf annihilator
  9142 | Elf:3    | Noticed a deep elf demonologist
  9150 | Elf:3    | Killed a deep elf demonologist
  9150 | Elf:3    | Received a gift from Okawaru
  9234 | Elf:3    | Noticed a deep elf sorcerer
  9269 | Elf:3    | Noticed a deep elf annihilator
  9279 | Elf:3    | XOM: medium Trmt miscast
  9287 | Elf:3    | Killed a deep elf annihilator
  9336 | Elf:3    | Noticed a deep elf sorcerer
  9346 | Elf:3    | Killed a deep elf sorcerer
  9385 | Elf:3    | Noticed a deep elf demonologist
  9404 | Elf:3    | Killed a deep elf demonologist
  9406 | Elf:3    | Got a pitted lapis lazuli ring
  9408 | Elf:3    | Identified the ring "Jedaur" {rElec rF++ MP+9 EV+3 Dex-4} (You took it off a deep elf demonologist on level 3 of the Elven Halls)
  9416 | Elf:3    | Noticed a deep elf master archer
  9437 | Elf:3    | HP: 4/131 [deep elf master archer/arrow (26)]
  9438 | Elf:3    | Shot with an arrow by a deep elf master archer

Vault maps used:
D:1:      minmay_arrival_doors
D:2:      first_bread, uniq_natasha
D:4:      lemuel_coloured_pillars_altar
D:5:      lemuel_ice_spiral_2, kennysheep_little_box,
          minmay_temple_entry_statues_pillars, uniq_blork_the_orc
D:6:      grunt_temple_overflow_open, serial_shops, nicolae_shop_stone,
          nicolae_shop_trees, nemelex_dance_club_becter, uniq_grinder
D:7:      grunt_temple_overflow_holy_war
D:8:      overflow_temple_1_default, grunt_lair_entry_elf_guard_hut,
          grunt_ogre_cave, evilmike_ruin_ashenzari, uniq_joseph, uniq_grum
D:9:      makhleb_heckhound_becter, uniq_prince_ribbit1
D:10:     hiddenorc2_lemuel
D:11:     enter_bailey_8, serial_shops, nicolae_shop_window_shopping
D:12:     serial_shops, nicolae_shop_statue_plus
D:14:     lightli_vaults_fourway_checkpoint, serial_shops, shop
D:15:     grunt_enter_depths_snipers, dk_noncrumbling_4, basic_altar
Lair:1:   grunt_forest_large_clearings
Orc:1:    mines2_david, uniq_nergalle
Orc:2:    serial_shops, shop, shop, shop, shop, basic_altar
Orc:3:    nicolae_orc_pool_cavern
Orc:4:    grunt_orc_community_town_hall, grunt_orc_community_big_house_1,
          grunt_orc_community_big_house_1, grunt_orc_community_house_2,
          grunt_orc_community_house_2, grunt_orc_community_house_3,
          grunt_orc_community_house_2, grunt_orc_community_house_3, mines2_david
Elf:1:    serial_shops, shop, minivault_28
Elf:2:    corexii_leaking_fountain, nooodl_food_tri
Elf:3:    minmay_elf_hall_hex, spider_trap
Bailey:   bailey_axe_4, bailey

Action                   |  1- 3 |  4- 6 |  7- 9 | 10-12 | 13-15 || total
-------------------------+-------+-------+-------+-------+-------++-------
Melee: Unarmed           |    56 |   112 |   287 |   994 |   238 ||  1687
Throw: Javelin           |       |       |     3 |    18 |       ||    21
       Large rock        |       |       |       |    14 |    24 ||    38
 Cast: Lee's Rapid Decon |       |       |       |       |     7 ||     7
Invok: Heroism           |       |       |     4 |    33 |    12 ||    49
       Finesse           |       |       |       |     1 |       ||     1
 Abil: Evoke Invisibilit |       |     1 |       |     1 |       ||     2
       Turn Visible      |       |     1 |       |       |       ||     1
Evoke: Wand              |       |       |     1 |     8 |    17 ||    26
       Stone of tremors  |       |       |       |       |     1 ||     1
  Use: Scroll            |     1 |     5 |     5 |    10 |     4 ||    25
       Potion            |     1 |     1 |       |     9 |     6 ||    17
 Stab: Invisible         |       |     1 |       |    13 |     1 ||    15
       Distracted        |       |       |       |     1 |       ||     1
       Sleeping          |       |       |       |     3 |     1 ||     4
       Paralysed         |       |       |       |     5 |       ||     5
  Eat: Chunk             |     7 |     5 |    17 |    62 |    18 ||   109
